 Dungeon Crawl Stone Soup version 0.30.0-29-ga12c61a403 (webtiles) character file.

Game seed: 11638214874683925864

33 7w4c the Covered (level 3, 0/40 HPs)
             Began as a Human Wanderer on June 20, 2023.
             Slain by a quokka (1 damage)
             ... on level 2 of the Dungeon.
             The game lasted 00:07:25 (1172 turns).

7w4c the Covered (Human Wanderer)                   Turns: 1172, Time: 00:07:26

Health: 0/40       AC: 21    Str:  9    XL:     3   Next: 47%
Magic:  4/4        EV:  2    Int: 12    God:
Gold:   70         SH:  0    Dex: 17    Spells: 3/4 levels left

rFire   . . .        a - +0 dagger
rCold   . . .        (no shield)
rNeg    . . .        j - melded +0 ring mail
rPois   +            b - melded +0 helmet
rElec   .            (cloak currently unavailable)
rCorr   +            (gloves currently unavailable)
SInv    .            (boots currently unavailable)
Will    .....        (no amulet)
Stlth   ++           h - ring of resist corrosion
HPRegen 0.26/turn    (no ring)
MPRegen 0.09/turn

%: no passive effects
@: tree-form
A: stationary, stasis, torment immunity, boosted hp
a: no special abilities


You were on level 2 of the Dungeon.
You were a tree.
You visited 1 branch of the dungeon, and saw 2 of its levels.

You collected 70 gold pieces.

Inventory:

Hand Weapons
 a - a +0 dagger (weapon)
Armour
 b - a +0 helmet (melded)
 j - a +0 ring mail (melded)
Jewellery
 h - a ring of resist corrosion (left branch)
Scrolls
 c - 2 scrolls of vulnerability
Potions
 f - a potion of brilliance
 g - a potion of might {unknown}


   Skills:
 + Level 1.7 Fighting
 + Level 0.3 Short Blades
 + Level 1.1 Throwing
 + Level 2.6 Armour
 + Level 0.6 Dodging
 + Level 2.1 Stealth
 + Level 1.0 Unarmed Combat
 + Level 1.0 Spellcasting
 + Level 2.2 Conjurations


You had 3 spell levels left.
You knew the following spells:

 Your Spells              Type           Power      Damage    Failure   Level
a - Shock                 Conj/Air       12%        1d3       19%         1

Your spell library contained the following spells:

 Spells                   Type           Power      Damage    Failure   Level
 Dazzling Flash           Conj/Hex       6%         N/A       50%         3
 Hailstorm                Conj/Ice       3%         3d3       50%         3


Dungeon Overview and Level Annotations

Branches:
Dungeon (2/15)

Altars:


Message History

The adder bites you but does no damage.
You hit the adder but do no damage.
The adder is lightly wounded.
The quokka bites you but does no damage.
The adder bites you but does no damage.
You barely miss the adder.
The adder is lightly wounded.
The quokka bites you but does no damage.
The adder bites you but does no damage.
The quokka bites you but does no damage.
You hit the adder but do no damage. Your punch misses the adder.
The adder is lightly wounded.
The adder bites you but does no damage.
The quokka bites you but does no damage.
The adder barely misses you.
You hit the adder.
The adder is heavily wounded.
The adder bites you but does no damage.
The quokka bites you but does no damage.
You hit the adder.
The adder is severely wounded.
The adder bites you but does no damage. The quokka bites you.
* * * LOW HITPOINT WARNING * * *
You barely miss the adder.
The adder is severely wounded.
The adder bites you but does no damage.
The quokka bites you but does no damage.
The adder bites you but does no damage.
You miss the adder.
The adder is severely wounded.
The quokka bites you but does no damage.
The adder bites you but does no damage. The quokka barely misses you.
You hit the adder.
The adder is almost dead.
The adder bites you but does no damage. The quokka bites you.
* * * LOW HITPOINT WARNING * * *
You closely miss the adder.
The adder is almost dead.
The adder completely misses you. The quokka bites you.
You die...

##### ###.... .....#
###.#.#.######.#####
......r............#
.#..#.#♣##.###.###.#
#....S.##.# #.# #.#
#.##.####.# #.# #<#
# #.. #.###.# #†# #.
♣.....###.### ..
#.......††>.+ .#
♣####.......# #.
####..#.# #..#.#


You could see an adder and a quokka.

Vanquished Creatures
  An adder (D:2)
  A dart slug (D:1)
  4 bats
  2 giant cockroaches (D:1)
  A goblin (D:1)
  A hobgoblin (D:1)
  4 jackals (D:2)
  A frilled lizard (D:1)
  4 kobolds
  2 rats (D:1)
21 creatures vanquished.

Notes
Turn   | Place    | Note
-------+----------+-------------------------------------------
     0 | D:1      | 7w4c the Human Wanderer began the quest for the Orb.
     0 | D:1      | 7w4c set off with the following items: a +0 dagger, a +0
                  | helmet, a scroll of vulnerability, a +0 robe, a potion of
                  | lignification; and the following spell memorised: Shock;
                  | and the following spells available to memorise: Dazzling
                  | Flash, Hailstorm.
     0 | D:1      | Reached XP level 1. HP: 15/15 MP: 2/2
   127 | D:1      | Reached XP level 2. HP: 21/21 MP: 1/3
   981 | D:2      | Reached XP level 3. HP: 21/27 MP: 4/4
  1171 | D:2      | HP: 1/40 [quokka (3)]
  1172 | D:2      | Slain by a quokka

Illustrated notes

Levels and vault maps discovered:
D:1:      zelgadis_glass_arrival_small, layout_basic
D:2:      layout_loops_ring, serial_shops, nicolae_shop_crystal,
          hellmonk_ecumenical_altar_slurped_away, serial_forest,
          infiniplex_forest_clump_diagonal, infiniplex_forest_clump_double,
          infiniplex_forest_clump_diagonal, infiniplex_forest_end_double,
          infiniplex_forest_lined_corner, infiniplex_forest_lined_3_way,
          infiniplex_forest_straight_3, infiniplex_forest_lined_4_way,
          minmay_joined_circles, uniq_robin

Action                     || total
---------------------------++-------
  Melee: Dagger            ||   139
         Punch             ||     2
   Cast: Shock             ||     9
    Use: Scroll            ||     4
         Potion            ||     2
   Stab: Sleeping          ||     1
 Armour: Robe              ||     9
         Ring mail         ||    63
         Skin              ||   125
  Dodge: Dodged            ||   110
